[Event "Titled Tuesday Blitz April 11 Early 2023"]
[White "Tarnowska, Aleksandra"]
[Black "Sliwicki, Damian"]
[WhiteFideId "1180967"]
[BlackFideId "1127128"]
[WhiteElo "1776"]
[BlackElo "2030"]
[Result "0-1"]
[Round "10"]
[TimeControl "180+2"]
[Date "2023.04.11"]
[WhiteClock "0:00:02"]
[BlackClock "0:00:22"]

1. e4 c5 2. Nf3 g6 3. d4 cxd4 4. Nxd4 Nc6 5. Nc3 Bg7 6. Nxc6 bxc6 7. Bc4 Qa5 8. Qf3 Nf6 9. O-O O-O 10. h3 Ba6 11. Bxa6 Qxa6 12. Bg5 d6 13. Rfe1 Qa5 14. Bf4 Nd7 15. Bg3 Rab8 16. e5 Nxe5 17. Bxe5 Bxe5 18. Qxc6 Rxb2 19. Nd5 Qd8 20. c3 e6 21. Ne3 Qf6 22. Rec1 Qxf2+ 23. Kh1 Qxe3 24. Re1 Qg3 0-1


[Site "https://www.chess.com"]

[Event "Titled Tuesday Blitz April 11 Early 2023"]
[White "Derichs, Roger"]
[Black "Necula, Iulian"]
[WhiteFideId "4630076"]
[BlackFideId "1232380"]
[WhiteElo "2362"]
[BlackElo "1790"]
[Result "1-0"]
[Round "10"]
[TimeControl "180+2"]
[Date "2023.04.11"]
[WhiteClock "0:00:04"]
[BlackClock "0:00:02"]

1. d4 d6 2. c4 f5 3. Nc3 Nf6 4. g3 g6 5. Bg2 Bg7 6. Nf3 O-O 7. O-O Qe8 8. Re1 e5 9. e4 f4 10. dxe5 dxe5 11. Nd5 Na6 12. gxf4 exf4 13. Bxf4 c6 14. Nxf6+ Bxf6 15. Bh6 Bg7 16. Bxg7 Kxg7 17. Qd4+ Kg8 18. c5 h6 19. b4 Bg4 20. Nd2 Rd8 21. Qc3 Qf7 22. f3 Be6 23. Bf1 Nc7 24. Re3 Nb5 25. Bxb5 cxb5 26. a3 Qf4 27. Nf1 Bc4 28. Rae1 h5 29. Ng3 h4 30. Ne2 Qg5+ 31. Kh1 Bxe2 32. R3xe2 Rf4 33. Rg1 Qh5 34. Reg2 Qxf3 35. Qxf3 Rxf3 36. Rxg6+ Kf7 37. Rd6 Re8 38. Re1 Rxa3 39. e5 Rb3 40. e6+ Ke7 41. Rd7+ Kf6 42. Rf7+ Kg6 43. Rg1+ Kh6 44. Rf6+ Kh7 45. Rf7+ Kh6 46. e7 1-0


[Site "https://www.chess.com"]

[Event "Titled Tuesday Blitz April 11 Early 2023"]
[White "Szyszylo, Rafal"]
[Black "Clawitter, Craig"]
[WhiteFideId "1109626"]
[BlackFideId "2023105"]
[WhiteElo "1951"]
[BlackElo "2252"]
[Result "0-1"]
[Round "10"]
[TimeControl "180+2"]
[Date "2023.04.11"]
[WhiteClock "0:00:33"]
[BlackClock "0:00:10"]

1. e4 e6 2. d4 d5 3. e5 c5 4. c3 Qb6 5. Nf3 Nc6 6. Be2 Nh6 7. Na3 cxd4 8. cxd4 Bb4+ 9. Kf1 Nf5 10. Nc2 Be7 11. h4 O-O 12. g4 Nh6 13. Kg2 Nxg4 14. Bd3 f6 15. exf6 Bxf6 16. Ng5 e5 17. Nxh7 e4 18. Nxf8 exd3 19. Qxd3 Kxf8 20. Bg5 Nxd4 21. Bxf6 Nxc2 22. Bxg7+ Kxg7 23. Qxc2 Be6 24. Qc3+ d4 25. Qg3 Rf8 26. Rhf1 Qxb2 27. Kg1 Kh7 28. Rab1 Qc2 29. Rxb7+ Kh6 30. Qd6 Rf6 31. Qe7 Qg6 32. Kh1 Bd5+ 33. f3 Rxf3 34. Qg5+ Qxg5 35. hxg5+ Kxg5 36. Rb5 Rxf1# 0-1


[Site "https://www.chess.com"]

[Event "Titled Tuesday Blitz April 11 Early 2023"]
[White "Golubev, Mikhail"]
[Black "Kiseleva, Arina"]
[WhiteFideId "14100983"]
[BlackFideId "4164989"]
[WhiteElo "2374"]
[BlackElo "1708"]
[Result "1-0"]
[Round "10"]
[TimeControl "180+2"]
[Date "2023.04.11"]
[WhiteClock "0:00:57"]
[BlackClock "0:00:02"]

1. g3 d5 2. Bg2 c6 3. Nf3 Nf6 4. O-O Bg4 5. d3 Nbd7 6. Qe1 e6 7. e4 Bxf3 8. Bxf3 Qc7 9. Nc3 d4 10. Ne2 e5 11. Bg2 c5 12. f4 Bd6 13. fxe5 Nxe5 14. Rxf6 gxf6 15. Nf4 O-O-O 16. Nd5 Qc6 17. Qf1 h5 18. Qxf6 h4 19. Bf4 Ng6 20. Qxf7 Bxf4 21. gxf4 Rhf8 22. Qxg6 Qxg6 23. Ne7+ Kc7 24. Nxg6 Rg8 25. f5 Rg7 26. Rf1 Rdg8 27. Rf4 h3 28. Bxh3 Kd6 29. Bg2 b5 30. e5+ Kd7 31. Be4 a5 32. h4 a4 33. f6 Rf7 34. h5 1-0


[Site "https://www.chess.com"]

[Event "Titled Tuesday Blitz April 11 Early 2023"]
[White "Einarsson, Halldor Gretar"]
[Black "Cupid, Kevin"]
[WhiteFideId "2300150"]
[BlackFideId "7700512"]
[WhiteElo "2142"]
[BlackElo "2124"]
[Result "0-1"]
[Round "10"]
[TimeControl "180+2"]
[Date "2023.04.11"]
[WhiteClock "0:00:30"]
[BlackClock "0:01:24"]

1. d4 Nf6 2. c4 e6 3. g3 Bb4+ 4. Bd2 Be7 5. Nf3 O-O 6. Nc3 d6 7. Bg2 Nbd7 8. O-O Re8 9. Qc2 c5 10. e3 a6 11. Rad1 Qc7 12. b3 Rb8 13. h4 b5 14. cxb5 axb5 15. a4 bxa4 16. bxa4 Bb7 17. Rb1 cxd4 18. Nxd4 Bxg2 19. Kxg2 Rxb1 20. Rxb1 Rc8 21. Qd1 Qc4 22. Ncb5 Ra8 23. a5 Nc5 24. f3 Nd5 25. Qe2 Qa2 26. Qd1 Nxe3+ 0-1


[Site "https://www.chess.com"]

[Event "Titled Tuesday Blitz April 11 Early 2023"]
[White "Matveeva, Olga"]
[Black "rionelG"]
[WhiteFideId "24107018"]
[WhiteElo "2056"]
[BlackElo "2171"]
[Result "0-1"]
[Round "10"]
[TimeControl "180+2"]
[Date "2023.04.11"]
[WhiteClock "0:00:01"]
[BlackClock "0:00:26"]

1. d4 Nf6 2. c4 g6 3. g3 Bg7 4. Bg2 O-O 5. Nc3 d6 6. Nf3 Nc6 7. O-O a6 8. Qd3 e5 9. dxe5 Nxe5 10. Nxe5 dxe5 11. Qxd8 Rxd8 12. Bg5 Re8 13. Rfd1 c6 14. Rd6 Nd7 15. Rad1 h6 16. Be3 Nf8 17. Na4 Bf5 18. Nb6 Rab8 19. b3 Ne6 20. Nd7 Rbc8 21. Kf1 Nd4 22. h3 Rcd8 23. Nf6+ Bxf6 24. Rxf6 Kg7 25. Rxf5 Nxf5 26. Ke1 Nxe3 27. fxe3 f5 28. e4 f4 29. gxf4 exf4 30. Bf3 Kf6 31. Rd3 Ke5 32. Kd2 Rxd3+ 33. exd3 Kd4 34. Bg4 a5 35. Bf3 Re5 36. Bg4 h5 37. Bc8 b6 38. Bd7 c5 39. Bc6 Rg5 0-1


[Site "https://www.chess.com"]

[Event "Titled Tuesday Blitz April 11 Early 2023"]
[White "Ambrogi, Agustin"]
[Black "Munro, Allan"]
[WhiteFideId "170933"]
[BlackFideId "7700245"]
[WhiteElo "2214"]
[BlackElo "2084"]
[Result "1-0"]
[Round "10"]
[TimeControl "180+2"]
[Date "2023.04.11"]
[WhiteClock "0:02:14"]
[BlackClock "0:00:44"]

1. e4 e5 2. Nf3 Nc6 3. Bc4 Nf6 4. Ng5 d5 5. exd5 Na5 6. Bb5+ c6 7. dxc6 bxc6 8. Qf3 h6 9. Ne4 cxb5 10. Nxf6+ gxf6 11. Qxa8 Qd7 12. Qf3 Rg8 13. Rg1 Bc5 14. d3 Bb7 15. Qxf6 Rg6 16. Qh8+ Ke7 17. Nc3 Qf5 18. Be3 Bxe3 19. fxe3 b4 20. Ne4 Bxe4 21. dxe4 Qg5 22. O-O-O Rg8 23. Qh7 Rg6 24. Rgf1 Rf6 25. Rxf6 Qxf6 26. Qf5 Qxf5 27. exf5 Nc4 28. e4 1-0


[Site "https://www.chess.com"]

[Event "Titled Tuesday Blitz April 11 Early 2023"]
[White "Burdalev, Kirill"]
[Black "Cramling Bellon, Anna"]
[WhiteFideId "14121913"]
[BlackFideId "32009232"]
[WhiteElo "2236"]
[BlackElo "1972"]
[Result "1-0"]
[Round "10"]
[TimeControl "180+2"]
[Date "2023.04.11"]
[WhiteClock "0:00:26"]
[BlackClock "0:00:01"]

1. d4 Nf6 2. c4 e6 3. g3 d5 4. Bg2 Bb4+ 5. Bd2 Bd6 6. Nf3 c6 7. Qb3 Nbd7 8. O-O Ne4 9. Bb4 Qe7 10. Bxd6 Qxd6 11. Nc3 f5 12. Rac1 O-O 13. e3 Ndf6 14. Ne2 b6 15. Qc2 Ba6 16. b3 Rac8 17. Rfd1 Ng4 18. Rf1 Qa3 19. Nf4 dxc4 20. bxc4 Rfe8 21. Qb3 Qa5 22. h3 Ngf6 23. Rfd1 c5 24. Ne5 cxd4 25. exd4 b5 26. c5 b4 27. Nxe6 Rxe6 28. Qxe6+ Kh8 29. Qxf5 Rd8 30. Nf7+ 1-0


[Site "https://www.chess.com"]

[Event "Titled Tuesday Blitz April 11 Early 2023"]
[White "Lohani, Sujana"]
[Black "Alahakoon, Isuru"]
[WhiteFideId "12311987"]
[BlackFideId "9900993"]
[WhiteElo "1718"]
[BlackElo "1995"]
[Result "0-1"]
[Round "10"]
[TimeControl "180+2"]
[Date "2023.04.11"]
[WhiteClock "0:00:01"]
[BlackClock "0:01:07"]

1. d4 d5 2. Nf3 Bf5 3. c4 e6 4. Nc3 Nc6 5. e3 Nb4 6. e4 dxe4 7. Ne5 Qxd4 8. Qa4+ c6 9. Be3 Qxe5 10. O-O-O Bc5 11. a3 Bxe3+ 12. fxe3 Nd3+ 13. Bxd3 exd3 14. e4 Bxe4 15. Rhe1 f5 16. Qb4 O-O-O 17. Na4 Qf4+ 18. Rd2 Nf6 19. Nc5 Qc7 20. Nxe6 Qxh2 21. Nxd8 Rxd8 22. Qe7 Qc7 23. Qb4 Qd6 24. Qc3 Qd4 25. Qb3 Nd7 26. Qb4 Nc5 27. Kb1 g5 28. Ka2 h5 29. Qc3 Qxc3 30. bxc3 h4 31. Rh1 Rh8 32. Rh2 Nd7 33. g3 h3 34. Rdf2 g4 35. Rf4 Ne5 36. Kb2 Nxc4+ 37. Kc1 d2+ 38. Kd1 Bf3+ 39. Kc2 d1=Q# 0-1


[Site "https://www.chess.com"]

[Event "Titled Tuesday Blitz April 11 Early 2023"]
[White "sebastianmarinp"]
[Black "Vargas, Mauricio"]
[BlackFideId "4404572"]
[WhiteElo "2270"]
[BlackElo "1998"]
[Result "1-0"]
[Round "10"]
[TimeControl "180+2"]
[Date "2023.04.11"]
[WhiteClock "0:01:41"]
[BlackClock "0:00:04"]

1. e4 c6 2. d4 d5 3. e5 Bf5 4. Nf3 e6 5. Be2 Nd7 6. O-O c5 7. Be3 cxd4 8. Nxd4 Bg6 9. f4 Ne7 10. g4 Be4 11. Nc3 Nc6 12. Nxe4 dxe4 13. Nxc6 bxc6 14. Qd4 Nb6 15. Qxe4 Nd5 16. Rad1 Qc7 17. Bd4 Be7 18. c4 Nb6 19. f5 exf5 20. gxf5 f6 21. exf6 gxf6 22. Bxf6 1-0


[Site "https://www.chess.com"]

[Event "Titled Tuesday Blitz April 11 Early 2023"]
[White "Jiganchine, Roman"]
[Black "Semenova, Alina"]
[WhiteFideId "2603667"]
[BlackFideId "24113875"]
[WhiteElo "2265"]
[BlackElo "1833"]
[Result "1-0"]
[Round "10"]
[TimeControl "180+2"]
[Date "2023.04.11"]
[WhiteClock "0:00:40"]
[BlackClock "0:00:02"]

1. e4 e5 2. Nf3 Nc6 3. Nc3 Nf6 4. Bb5 Bb4 5. O-O O-O 6. Bxc6 dxc6 7. d3 Bd6 8. h3 h6 9. Ne2 Re8 10. Nh2 c5 11. f4 exf4 12. Nxf4 Be5 13. Nf3 Qd6 14. Nxe5 Qxe5 15. Qf3 Qd4+ 16. Kh1 c4 17. Nd5 Re6 18. Nxc7 Re5 19. Nxa8 Rh5 20. Be3 Qxb2 21. dxc4 Qxc2 22. Rad1 Qxc4 23. Bxa7 Kh7 24. Nb6 Qc6 25. Nxc8 Qxc8 26. Bd4 Ng4 27. Kg1 Qd8 28. Qxg4 Rg5 29. Qf3 f6 30. Bxf6 Qb6+ 31. Bd4 Qg6 32. Rf2 Qa6 33. Qd3 1-0


[Site "https://www.chess.com"]

[Event "Titled Tuesday Blitz April 11 Early 2023"]
[White "Zou, Brendan"]
[Black "Kornyukov, Alexey"]
[WhiteFideId "3221296"]
[BlackFideId "4150457"]
[WhiteElo "1852"]
[BlackElo "2352"]
[Result "1-0"]
[Round "10"]
[TimeControl "180+2"]
[Date "2023.04.11"]
[WhiteClock "0:01:55"]
[BlackClock "0:01:00"]

1. d4 d5 2. Nc3 Nf6 3. Bf4 c5 4. e3 cxd4 5. exd4 Nc6 6. Nb5 e5 7. Bxe5 Nxe5 8. dxe5 Ne4 9. Qxd5 Qa5+ 10. c3 Bf5 11. Ne2 Be7 12. Ned4 Bg6 13. Nd6+ Bxd6 14. Qxa5 1-0


[Site "https://www.chess.com"]

[Event "Titled Tuesday Blitz April 11 Early 2023"]
[White "Do Nascimento,Christian Almeida"]
[Black "Rian, Kapriaga"]
[WhiteFideId "2143801"]
[BlackFideId "7103263"]
[WhiteElo "2125"]
[BlackElo "2287"]
[Result "0-1"]
[Round "10"]
[TimeControl "180+2"]
[Date "2023.04.11"]
[WhiteClock "0:00:12"]
[BlackClock "0:00:17"]

1. e4 c6 2. d4 d5 3. exd5 cxd5 4. c4 Nf6 5. Nc3 g6 6. Nf3 Bg7 7. Be2 O-O 8. c5 Bg4 9. O-O Nc6 10. h3 Bxf3 11. Bxf3 e6 12. Re1 b6 13. Qa4 Rc8 14. b4 Nxd4 15. Be3 Nxf3+ 16. gxf3 Nd7 17. Ne2 bxc5 18. Rac1 cxb4 19. Rxc8 Qxc8 20. Rc1 Qb7 21. Qa5 Ne5 22. Rc7 Qb8 23. Kg2 Nc4 24. Qc5 Nxe3+ 25. fxe3 b3 26. axb3 Qxb3 27. Rxa7 Qb2 28. Kf2 Bf6 29. f4 Bh4+ 30. Kf3 Qb1 31. Ng3 Qd1+ 32. Kg2 Qe1 33. Nf1 Qe2+ 34. Kg1 Qf2+ 35. Kh1 0-1


[Site "https://www.chess.com"]

[Event "Titled Tuesday Blitz April 11 Early 2023"]
[White "Grave, Jacob Templen"]
[Black "dDobravcan"]
[WhiteFideId "1542656"]
[WhiteElo "2189"]
[BlackElo "2139"]
[Result "1-0"]
[Round "10"]
[TimeControl "180+2"]
[Date "2023.04.11"]
[WhiteClock "0:00:39"]
[BlackClock "0:00:23"]

1. d4 d6 2. e4 Nf6 3. Nc3 c6 4. a4 Qa5 5. Bd2 Nbd7 6. Nf3 e5 7. b4 Qc7 8. Bc4 Be7 9. O-O O-O 10. h3 Re8 11. Qb1 exd4 12. Nxd4 Ne5 13. Bb3 Bf8 14. Qa2 c5 15. bxc5 dxc5 16. Ndb5 Qb6 17. a5 Qd8 18. Rad1 Qe7 19. f4 c4 20. Ba4 Qc5+ 21. Kh1 Ng6 22. e5 Nh5 23. Ne4 Qd4 24. Nxd4 1-0


[Site "https://www.chess.com"]

[Event "Titled Tuesday Blitz April 11 Early 2023"]
[White "hsd2016"]
[Black "Vifleemskaia, Svetlana"]
[BlackFideId "4129490"]
[WhiteElo "2096"]
[BlackElo "1930"]
[Result "0-1"]
[Round "10"]
[TimeControl "180+2"]
[Date "2023.04.11"]
[WhiteClock "0:01:25"]
[BlackClock "0:01:14"]

1. e4 e5 2. Nf3 Nc6 3. Bb5 a6 4. Bxc6 dxc6 5. O-O Ne7 6. Nc3 Ng6 7. d3 Be7 8. Be3 O-O 9. Qd2 c5 10. Rad1 b5 11. Nd5 Bd6 12. Qc3 c6 13. Bg5 f6 14. Nxf6+ gxf6 15. Be3 Qe7 16. b4 cxb4 17. Qxc6 Be6 18. d4 Rfc8 19. Qb6 Bc4 20. dxe5 Bxe5 21. Nxe5 Nxe5 22. Rfe1 Rc6 23. Qd4 Bxa2 24. f4 Ng4 25. Bc1 Qc5 26. Qxc5 Rxc5 27. h3 Nh6 28. Bb2 Rf8 29. Rd6 Rxc2 30. Bd4 Rd2 0-1


[Site "https://www.chess.com"]

[Event "Titled Tuesday Blitz April 11 Early 2023"]
[White "Rosh Jain"]
[Black "Winkels, Marcel"]
[WhiteFideId "25789465"]
[BlackFideId "1003887"]
[WhiteElo "2233"]
[BlackElo "1900"]
[Result "0-1"]
[Round "10"]
[TimeControl "180+2"]
[Date "2023.04.11"]
[WhiteClock "0:00:01"]
[BlackClock "0:00:32"]

1. e4 c5 2. Nf3 d6 3. d4 cxd4 4. Nxd4 Nf6 5. Nc3 a6 6. Bc4 e6 7. Bb3 Nbd7 8. O-O Nc5 9. Bg5 Be7 10. f4 Qc7 11. Qf3 O-O 12. Rae1 Nxb3 13. axb3 b5 14. e5 Bb7 15. exf6 Bxf3 16. fxe7 Rfe8 17. Rxf3 Qc5 18. Rd3 e5 19. fxe5 dxe5 20. Ne4 Qa7 21. Nf6+ gxf6 22. Bxf6 Rxe7 23. Bxe7 Qxe7 24. Nf5 Qc5+ 25. Ne3 e4 26. Rd5 Qb6 27. Kf2 Rd8 28. Rg5+ Kf8 29. Re2 Rd6 30. g3 Rf6+ 31. Kg2 Rf3 32. Ng4 Qe6 33. Re5 Qd7 34. R5xe4 Rf5 35. Ne5 Qd5 36. Nd3 Kg7 37. g4 Rg5 38. Kg3 Rg6 39. Re5 Qd4 40. R2e4 Qa7 0-1


[Site "https://www.chess.com"]

[Event "Titled Tuesday Blitz April 11 Early 2023"]
[White "Larina, Maria"]
[Black "Sanchez, Robert"]
[WhiteFideId "24113182"]
[BlackFideId "2034360"]
[WhiteElo "1848"]
[BlackElo "1987"]
[Result "1-0"]
[Round "10"]
[TimeControl "180+2"]
[Date "2023.04.11"]
[WhiteClock "0:00:19"]
[BlackClock "0:01:55"]

1. e4 d5 2. exd5 Qxd5 3. Nc3 Qe6+ 4. Be2 Qg6 5. Bf3 Nc6 6. d4 Bf5 7. Nb5 O-O-O 8. c3 Kb8 9. Qa4 a6 10. Na3 Bd7 11. Qb3 e5 12. d5 Na5 13. Qd1 Bxa3 14. bxa3 e4 15. Qc2 exf3 16. Qxg6 fxg2 17. Qxg2 Nf6 18. Bg5 Rhe8+ 19. Ne2 Bb5 20. Be3 Nxd5 21. Nd4 Nxe3 22. fxe3 Rxe3+ 23. Kd2 Nc4+ 24. Kc2 Ba4+ 25. Kc1 Rxc3+ 1-0


[Site "https://www.chess.com"]

[Event "Titled Tuesday Blitz April 11 Early 2023"]
[White "Akhmetov, Ayan"]
[Black "Hartikainen, Jarmo"]
[WhiteFideId "13703706"]
[BlackFideId "503134"]
[WhiteElo "2398"]
[BlackElo "2055"]
[Result "1-0"]
[Round "10"]
[TimeControl "180+2"]
[Date "2023.04.11"]
[WhiteClock "0:01:36"]
[BlackClock "0:00:03"]

1. Nf3 Nf6 2. c4 c5 3. Nc3 Nc6 4. g3 g6 5. d4 cxd4 6. Nxd4 Bg7 7. Bg2 O-O 8. O-O a6 9. Nc2 d6 10. b3 Bf5 11. e4 Bd7 12. Bb2 Rb8 13. a4 Qc8 14. Nd5 Nxd5 15. Bxg7 Kxg7 16. exd5 Ne5 17. Qd4 f6 18. f4 Nf7 19. Rae1 Re8 20. Rf2 Bh3 21. Bh1 Qd7 22. Rfe2 b5 23. cxb5 axb5 24. a5 Ra8 25. b4 Rac8 26. Qf2 Kf8 27. Nd4 Rc4 28. Nc6 Bg4 29. Rxe7 Rxe7 30. Rxe7 Qf5 31. Re1 Rc2 32. Be4 Rxf2 33. Bxf5 Rxf4 34. gxf4 Bxf5 35. a6 1-0


[Site "https://www.chess.com"]

[Event "Titled Tuesday Blitz April 11 Early 2023"]
[White "Sanchez Alvares, Kelvin Antonio"]
[Black "Goswami, Vedant"]
[WhiteFideId "3906680"]
[BlackFideId "5003725"]
[WhiteElo "2217"]
[BlackElo "2011"]
[Result "1-0"]
[Round "10"]
[TimeControl "180+2"]
[Date "2023.04.11"]
[WhiteClock "0:01:08"]
[BlackClock "0:00:02"]

1. e4 e5 2. Nf3 Nc6 3. Bb5 a6 4. Bxc6 dxc6 5. d4 exd4 6. Qxd4 Qxd4 7. Nxd4 Bd7 8. Be3 O-O-O 9. Nd2 Re8 10. f3 f5 11. Kf2 fxe4 12. Nxe4 c5 13. Nb3 b6 14. Rhe1 Ne7 15. c4 Nf5 16. Nbd2 h6 17. Rad1 Be7 18. Nf1 Rhf8 19. Bc1 Nd4 20. Nc3 Bd6 21. Ng3 Rxe1 22. Rxe1 Re8 23. Rxe8+ Bxe8 24. Nce4 Bf7 25. b3 Kd7 26. Bb2 Be5 27. Ne2 Nxf3 28. Bxe5 Nxe5 29. Nf4 g5 30. Ne2 Bg6 31. N2c3 c6 32. h3 Nd3+ 33. Ke3 Nf4 34. Kf2 Ke6 35. Nd2 b5 36. Kf3 Ke5 37. g3 Nxh3 38. Ke3 g4 39. Nce4 Bxe4 40. Nxe4 bxc4 41. bxc4 Ng5 42. Nxc5 a5 43. a4 Ne6 44. Nb3 Kd6 45. Nxa5 Nc5 46. Kd4 Nxa4 47. Nb3 h5 48. Ke3 Ke5 49. Nd4 c5 50. Nc6+ Kf5 51. Ne7+ Kg5 52. Nd5 h4 53. gxh4+ Kxh4 54. Kf2 1-0


[Site "https://www.chess.com"]

[Event "Titled Tuesday Blitz April 11 Early 2023"]
[White "Quirke, Jeffrey"]
[Black "Mesa Cruz, Juan Carlos"]
[WhiteFideId "2013029"]
[BlackFideId "6423400"]
[WhiteElo "2232"]
[BlackElo "2131"]
[Result "1-0"]
[Round "10"]
[TimeControl "180+2"]
[Date "2023.04.11"]
[WhiteClock "0:00:10"]
[BlackClock "0:01:18"]

1. e4 c5 2. Nc3 Nc6 3. f4 g6 4. Nf3 Bg7 5. Bb5 Nd4 6. Bc4 e6 7. e5 d5 8. exd6 Qxd6 9. d3 Ne7 10. O-O O-O 11. Ne4 Qc7 12. c3 Nxf3+ 13. Qxf3 a6 14. a4 Bd7 15. a5 Bc6 16. Qf2 Rac8 17. Nxc5 Bxg2 18. Kxg2 Qxc5 19. Qxc5 Rxc5 20. Be3 Rc7 21. Bb6 Rd7 22. d4 Nd5 23. Rae1 Bf6 24. Bc5 Rc8 25. Ba2 Bd8 26. c4 Nf6 27. b4 Ng4 28. h3 Nh6 29. d5 exd5 30. Re8+ Kg7 31. Bf8+ Kf6 32. Bxh6 dxc4 33. Bg5+ Kg7 34. Rxd8 Rcxd8 35. Bxd8 Rxd8 36. Bxc4 Rd4 37. Rc1 Rxf4 38. Bd5 Rxb4 39. Rc7 Kf6 40. Rxf7+ Ke5 41. Bxb7 h5 42. Bxa6 Ra4 43. Bd3 Rxa5 44. Bxg6 h4 45. Rf5+ Ke6 46. Rxa5 Kf6 47. Rh5 1-0


[Site "https://www.chess.com"]

[Event "Titled Tuesday Blitz April 11 Early 2023"]
[White "Korobov, Anton"]
[Black "Sarana, Alexey"]
[WhiteFideId "14105730"]
[BlackFideId "24133795"]
[WhiteElo "2638"]
[BlackElo "2714"]
[Result "0-1"]
[Round "11"]
[TimeControl "180+2"]
[Date "2023.04.11"]
[WhiteClock "0:00:12"]
[BlackClock "0:00:31"]

1. d4 Nf6 2. c4 e6 3. Nf3 d5 4. Nc3 Nbd7 5. Bf4 Bb4 6. cxd5 Nxd5 7. Bd2 N5f6 8. e3 b6 9. a3 Be7 10. b4 Bb7 11. Be2 O-O 12. O-O c5 13. Rb1 cxd4 14. Nxd4 Rc8 15. Qa4 a6 16. Bxa6 Ra8 17. Bxb7 Rxa4 18. Nxa4 Ne5 19. Rfc1 Qd7 20. Bc6 Nxc6 21. Nxc6 Qxd2 22. Nxe7+ Kh8 23. Nxb6 Ne4 24. Rf1 Nc3 25. Ra1 f5 26. a4 f4 27. exf4 Rxf4 28. a5 Ne2+ 29. Kh1 Rh4 30. h3 Qd3 31. Kh2 Nf4 32. f3 Qe2 0-1


[Site "https://www.chess.com"]

[Event "Titled Tuesday Blitz April 11 Early 2023"]
[White "Nakamura, Hikaru"]
[Black "Duda, Jan-Krzysztof"]
[WhiteFideId "2016192"]
[BlackFideId "1170546"]
[WhiteElo "2885"]
[BlackElo "2790"]
[Result "0-1"]
[Round "11"]
[TimeControl "180+2"]
[Date "2023.04.11"]
[WhiteClock "0:00:02"]
[BlackClock "0:00:24"]

1. e4 c5 2. d4 cxd4 3. c3 dxc3 4. Nxc3 Nc6 5. Nf3 d6 6. Bc4 e6 7. O-O Nge7 8. h4 Ng6 9. h5 Nge5 10. Nxe5 Nxe5 11. Bb5+ Bd7 12. Bxd7+ Qxd7 13. f4 Nc6 14. Qg4 O-O-O 15. Rd1 g6 16. Be3 f5 17. Qh3 Rg8 18. b4 Kb8 19. b5 Na5 20. Bf2 Bg7 21. e5 d5 22. Na4 b6 23. Rac1 Rc8 24. Nc3 g5 25. fxg5 Bxe5 26. Ne2 Rxc1 27. Rxc1 Rxg5 28. Qe3 Qg7 29. Kf1 Nc4 30. Qd3 Rg4 31. g3 Qg5 32. Re1 Qxh5 33. Kg2 Re4 34. a4 Qg4 35. a5 f4 36. axb6 axb6 37. Ng1 Ne3+ 38. Rxe3 fxe3 39. Be1 Ra4 40. Nf3 Ra2+ 0-1


[Site "https://www.chess.com"]

[Event "Titled Tuesday Blitz April 11 Early 2023"]
[White "Bortnyk, Olexandr"]
[Black "Bluebaum, Matthias"]
[WhiteFideId "14120828"]
[BlackFideId "24651516"]
[WhiteElo "2734"]
[BlackElo "2638"]
[Result "1-0"]
[Round "11"]
[TimeControl "180+2"]
[Date "2023.04.11"]
[WhiteClock "0:00:09"]
[BlackClock "0:00:03"]

1. d4 d5 2. Nc3 e6 3. Bf4 c5 4. e4 cxd4 5. Qxd4 Nc6 6. Bb5 Bd7 7. Bxc6 bxc6 8. Nf3 Nf6 9. Ne5 Be7 10. O-O O-O 11. Rad1 Qb6 12. Qd3 Rfd8 13. b3 Be8 14. Qf3 Qb4 15. a3 dxe4 16. Qg3 Qc5 17. Nc4 Nh5 18. Qe3 Qxe3 19. Bxe3 f5 20. Rxd8 Bxd8 21. Bc5 Nf6 22. Rd1 Nd5 23. Na4 Bc7 24. Bd4 Bh5 25. Re1 a5 26. Nc5 Re8 27. Be5 Bd8 28. Nb7 Bf6 29. Nbxa5 Bxe5 30. Nxe5 c5 31. Nb7 Rc8 32. h4 Rc7 33. Nd8 Re7 34. a4 Kf8 35. a5 Ke8 36. Ndc6 Rc7 37. a6 Nb6 38. a7 Rc8 39. Nc4 Na8 40. Nd6+ Kd7 41. Nxc8 Kxc6 42. Ne7+ Kb7 43. Ra1 f4 44. Ra5 Kb6 45. b4 e3 46. fxe3 fxe3 47. Rxc5 e2 48. Kf2 Bg4 49. Rg5 h5 50. Rxg7 Kxa7 51. Nf5+ Kb6 52. Ne3 Bf5 53. Nxf5 exf5 54. Kxe2 Kb5 55. c3 Kc4 56. Rg5 Nb6 57. Rxf5 Na4 58. Rxh5 Nxc3+ 59. Kf3 Kxb4 60. Rf5 Kc4 61. h5 Nb1 62. h6 Nd2+ 63. Ke3 Nb3 64. h7 Nd4 65. Rf4 Kc3 66. Rxd4 Kb2 67. h8=Q Ka2 68. Qb8 Ka3 69. g4 Ka2 70. Ra4# 1-0


[Site "https://www.chess.com"]

[Event "Titled Tuesday Blitz April 11 Early 2023"]
[White "Andreikin, Dmitry"]
[Black "Eljanov, Pavel"]
[WhiteFideId "4158814"]
[BlackFideId "14102951"]
[WhiteElo "2736"]
[BlackElo "2598"]
[Result "0-1"]
[Round "11"]
[TimeControl "180+2"]
[Date "2023.04.11"]
[WhiteClock "0:00:06"]
[BlackClock "0:00:11"]

1. d4 Nf6 2. c4 e6 3. Nf3 b6 4. g3 Bb7 5. Bg2 Bb4+ 6. Bd2 Be7 7. O-O O-O 8. Nc3 c6 9. Rc1 d5 10. cxd5 cxd5 11. Bf4 Nc6 12. Ne5 Rc8 13. Qa4 a6 14. Nxc6 Rxc6 15. Qb3 b5 16. Rc2 Qd7 17. Rfc1 Rfc8 18. Nb1 Ne4 19. Nd2 g5 20. Nxe4 dxe4 21. Be3 Rxc2 22. Rxc2 Bd5 23. Rxc8+ Qxc8 24. Qd1 f5 25. Qd2 h6 26. b3 b4 27. h4 Qc3 28. hxg5 Qxd2 29. Bxd2 hxg5 30. e3 a5 31. Bf1 Kf7 32. Bb5 Bd6 33. Kf1 Ke7 34. Ke2 Kd8 35. Kd1 Kc7 36. Kc2 Kb6 37. Be8 Kc7 38. Be1 Bc6 39. Bxc6 Kxc6 40. Kd2 Kd7 41. Ke2 Ke7 42. Kf1 Kf6 43. Kg2 Kg6 44. Bd2 Kh5 45. Kh3 e5 46. d5 g4+ 47. Kg2 Kg6 48. Bc1 Kf7 49. Bb2 Ke7 50. Kf1 Kd7 51. Ke2 Kc7 52. Ba1 Kb6 53. Bb2 Kc5 54. Ba1 Kxd5 55. Bb2 f4 56. Bc1 Ke6 57. exf4 Kf5 58. fxe5 Bxe5 59. Be3 Bc7 60. Bc5 Bd8 61. Ke3 Ke5 62. Ba7 Bg5+ 63. Ke2 Bd8 64. Be3 Kd5 65. Kd2 Bc7 66. Ba7 Bd8 67. Ke3 Bg5+ 68. Ke2 Bd8 69. Be3 Bc7 70. Bg5 Bb6 71. Bf6 Ke6 72. Bb2 Kd5 73. Bc1 Bc7 74. Be3 Bd8 75. Kd2 Bc7 76. Bf4 Bb6 77. Ke2 Bd8 78. Bh6 Bb6 79. Bg7 Bc7 80. Ke3 Bb6+ 81. Ke2 e3 82. fxe3 Bc7 83. Kf2 Ke4 84. Bh6 Bb6 85. Ke2 Bc7 86. Bf4 Bb6 87. Bd6 Bxe3 88. Bc7 Bc5 89. Bxa5 Bd6 90. Kd2 Kf3 91. Ke1 Bxg3+ 92. Kd2 Bd6 93. Bb6 g3 94. Kd3 g2 95. Bg1 Bg3 96. Kc4 Bf2 97. Bh2 Kg4 98. Kxb4 Kh3 99. a4 Kxh2 100. a5 Be1+ 0-1


[Site "https://www.chess.com"]